 Dungeon Crawl Stone Soup version 0.28.0-53-g5a82cb258f (webtiles) character file.

Game seed: 6432738081758359626

38 Peloso the Skirmisher (level 3, -2/33 HPs)
             Began as a Minotaur Fighter on June 23, 2022.
             Killed from afar by Natasha (8 damage)
             ... with a magic dart
             ... on level 2 of the Dungeon.
             The game lasted 00:01:11 (865 turns).

Peloso the Skirmisher (Minotaur Fighter)             Turns: 865, Time: 00:01:12

Health: -2/33      AC:  7    Str: 20    XL:     3   Next: 25%
Magic:  2/2        EV:  9    Int:  5    God:
Gold:   11         SH:  4    Dex: 11    Spells: 2/2 levels left

rFire   . . .      SeeInvis .   a - +0 long sword
rCold   . . .      Faith    .   c - +0 buckler
rNeg    . . .      Spirit   .   b - +0 scale mail
rPois   .          Reflect  .   (helmet restricted)
rElec   .          Harm     .   (no cloak)
rCorr   .          Rampage  .   (no gloves)
Will    .....                   (no boots)
Stlth   ..........              (no amulet)
HPRegen 0.11/turn               (no ring)
MPRegen 0.08/turn               (no ring)

@: slowed, very slow
A: horns 2, retaliatory headbutt
a: no special abilities


You were on level 2 of the Dungeon.
You visited 1 branch of the dungeon, and saw 2 of its levels.

You collected 11 gold pieces.

Inventory:

Hand Weapons
 a - a +0 long sword (weapon)
Armour
 b - a +0 scale mail (worn)
 c - a +0 buckler (worn)
Scrolls
 e - a scroll of holy word {unknown}
 g - 2 scrolls of teleportation {unknown}
 h - a scroll of identify {unknown}
 i - a scroll of amnesia {unknown}
Potions
 d - a potion of might
 f - a potion of magic {unknown}
 j - a potion of degeneration {unknown}


   Skills:
 + Level 4.3 Fighting
 + Level 2.8 Long Blades
 + Level 4.1 Armour
 + Level 4.1 Shields


You had 2 spell levels left.
You didn't know any spells.
Your spell library contained the following spells:

 Spells                   Type           Power      Damage    Failure   Level
 Shock                    Conj/Air       0%         1d3       89%         1
 Swiftness                Air            0%         N/A       99%         3
 Airstrike                Air            0%         N/A       100%        4


Dungeon Overview and Level Annotations

Branches:
Dungeon (2/15)

Altars:

Annotations:
D:2 Natasha


Innate Abilities, Weirdness & Mutations

You have a pair of horns on your head.
You reflexively headbutt those who attack you in melee.


Message History

The worm is moderately wounded.
You barely miss the worm.
The worm is moderately wounded.
You block the worm's attack.
You slash the worm!
The worm is heavily wounded.
The worm bites you.
You hit the worm but do no damage.
The worm is heavily wounded.
The worm completely misses you.
You hit the worm. Your headbutt misses the worm.
The worm is heavily wounded.
The worm barely misses you.
You barely miss the worm. You headbutt the worm.
The worm is severely wounded.
You hit the worm. You headbutt the worm.
You kill the worm!
Natasha, Servant of Life and Death comes into view.
Natasha hisses angrily.
Natasha casts a spell at you. The magic dart hits you.
* * * LOW HITPOINT WARNING * * *
Natasha stares at you and mumbles some strange words.
The magic dart hits you.
* * * LOW HITPOINT WARNING * * *
Natasha is nearby!
Natasha casts a spell at you.
You feel yourself slow down.
Unknown command.
Natasha stares at you and mumbles some strange words.
You resist with significant effort.
Natasha stares at you and mumbles some strange words.
You resist with significant effort.
You see here a bat corpse.
A jackal comes into view. x2
The jackal moves out of view.
A jackal comes into view.
Natasha stares at you and mumbles some strange words.
The magic dart hits you!
You die...

## #. ####### #..##.(...#
#....).##.## ###### #.##...†..h##
.....# #..###.#.#..###### ...).#
#.....#....h....##
.....###########@h...#...........
.<...........)...P)†######.......
.....###########h.h.# #....###
.......# #..P.# #....# .....#..#
#...#... P.....# #######...
##..#..P⌠......# ##.
#h.#PP⌠⌠⌠P..### #..#.≈P≈....#
..#.≈.......#


You could see Natasha and 3 jackals.

Vanquished Creatures
  An adder (D:2)
  2 worms (D:2)
  A dart slug (D:1)
  4 bats
  2 endoplasms (D:1)
  5 goblins
  2 hobgoblins (D:1)
  2 kobolds
19 creatures vanquished.

Vanquished Creatures (others)
  3 plants (D:2)
3 creatures vanquished.

Grand Total: 22 creatures vanquished

Notes
Turn   | Place    | Note
-------+----------+-------------------------------------------
     0 | D:1      | Peloso the Minotaur Fighter began the quest for the Orb.
     0 | D:1      | Reached XP level 1. HP: 19/19 MP: 0/0
   336 | D:1      | Reached XP level 2. HP: 26/27 MP: 1/1
   822 | D:2      | Reached XP level 3. HP: 21/33 MP: 2/2
   853 | D:2      | Noticed Natasha
   865 | D:2      | Killed from afar by Natasha

Illustrated notes

Levels and vault maps discovered:
D:1:      dpeg_arrival_rooms_b, layout_rooms, serial_bayou,
          serial_bayou_shore_a, serial_bayou_ford_a, serial_bayou_pond_a,
          serial_bayou_pond_a
D:2:      layout_rooms, shapermc_ecumenical_altar_mp_ritualfount, uniq_natasha

Skill      XL: |  1  2 |
---------------+-------+-----
Shields        | 4 |  4.1
Armour         | 4 |  4.1
Fighting       | 4 |  4.3
Long Blades    | |  2.8

Action                   || total
-------------------------++-------
Melee: Long sword        ||    57
       Headbutt          ||     8
Armor: Scale mail        ||    25
Dodge: Dodged            ||    20
Block: Buckler           ||     9
